 Dungeon Crawl Stone Soup version 0.18-a0-1273-g8ec5f8e (webtiles) character file.

18 M4edhros the Charlatan (level 2, -2/18 HPs)
             Began as an Octopode Artificer on Feb 8, 2016.
             Slain by an ooze (5 damage)
             ... on level 1 of the Dungeon.
             The game lasted 00:00:46 (498 turns).

M4edhros the Charlatan (Octopode Artificer)          Turns: 498, Time: 00:00:46

Health: -2/18      AC:  1    Str: 10    XL:     2   Next: 70%
Magic:  13/13      EV: 12    Int: 14    God:
Gold:   29         SH:  0    Dex: 12    Spells: 0 memorised, 1 level left

rFire  . . .     SeeInvis .     a - +0 short sword
rCold  . . .     Gourm    .     (no shield)
rNeg   . . .     Faith    .     (helmet restricted)
rPois  .         Spirit   .     (no amulet)
rElec  .         Dismiss  .     e - ring of magical power
rCorr  .         Reflect  .     (no ring)
SustAt .         Harm     .     (no ring)
MR     .....                    (no ring)
Stlth  +++.......               (no ring)
                                (no ring)
                                (no ring)
                                (no ring)

@: not resistant to hostile enchantments, fairly stealthy
A: almost no armour, amphibious, 8 rings, constrict 8, camouflage 1, gelatinous
body 1
a: no special abilities


You were on level 1 of the Dungeon.
You were not hungry.

You visited 1 branch of the dungeon, and saw 1 of its levels.

You collected 29 gold pieces.

Inventory:

Hand Weapons
 a - a +0 short sword (weapon)
 o - a +0 hunting sling
Jewellery
 e - a ring of magical power (left tentacle)
Wands
 b - a wand of flame (13/48)
 c - a wand of enslavement (15/24)
 d - a wand of random effects (15/48)
Scrolls
 h - a scroll of teleportation {unknown}
 i - a scroll of identify {unknown}
 l - a scroll of noise {unknown}
Potions
 g - a potion of might {unknown}
 j - a potion of lignification {unknown}
 n - a potion of curing {unknown}
 p - a potion of mutation {unknown}
Comestibles
 f - a bread ration
 k - a royal jelly
 m - 2 fruits


   Skills:
 - Level 1.0 Fighting
 - Level 1.0 Short Blades
 * Level 2.4 Dodging
 * Level 2.5 Stealth
 + Level 3.6 Evocations


You had one spell level left.
You didn't know any spells.

Dungeon Overview and Level Annotations

Branches:
Dungeon (1/15)

Altars:


Innate Abilities, Weirdness & Mutations

You cannot wear most types of armour.
You are amphibious.
You can wear up to eight rings at the same time.
You can use your tentacles to constrict eight enemies at once.
Your skin changes colour to match your surroundings (Stealth).
Your rubbery body absorbs attacks (AC +1).


Message History

* * * LOW HITPOINT WARNING * * *
You are too injured to fight recklessly!
You are too injured to fight recklessly!
You are too injured to fight recklessly!
Evoke which item? (* to show all) (? for menu, Esc to quit)
Zapping:
b - a wand of flame (15/48)
Press: ? - help, Shift-Dir - straight line, f - ooze
Aim: an ooze The puff of flame hits the ooze.
The ooze is moderately wounded.
This wand has 14 charges left.
The ooze hits you.
* * * LOW HITPOINT WARNING * * *
Evoke which item? (* to show all) (? for menu, Esc to quit)
Zapping:
b - a wand of flame (14/48)
Press: ? - help, Shift-Dir - straight line, f/p - ooze
Aim: an ooze (moderately wounded)
The puff of flame hits the ooze.
The ooze is almost dead.
This wand has 13 charges left.
The ooze hits you.
You die...

..............#####
......................#......
#.......#. ##..........#...#..
..#.#..... #.#####......#....
......... #.##.........##...
....#.$.. #.##.....#........
#......#####............##...
#....................>......
#........J@.........#..#...
#.......###.........##.##..
..$.....#..# #.........##..#).
......###..............##..#..
.....r #..##..........##.....
...... ##.##..........##..#..
....#.####...#.........# #....
.......#..##..............##
#... .....##
#.#..(.............####..


You could see an ooze.

Vanquished Creatures
  3 giant cockroaches (D:1)
  4 goblins (D:1)
  2 hobgoblins (D:1)
  2 jackals (D:1)
  2 kobolds (D:1)
  A giant newt (D:1)
  A rat (D:1)
15 creatures vanquished.

Notes
Turn   | Place    | Note
--------------------------------------------------------------
     0 | D:1      | M4edhros the Octopode Artificer began the quest for the Orb.
     0 | D:1      | Reached XP level 1. HP: 13/13 MP: 3/3
   277 | D:1      | Reached XP level 2. HP: 8/18 MP: 4/4
   498 | D:1      | Slain by an ooze

Vault maps used:
D:1:      lightli_arrival_noodles

Action                   || total
-------------------------++-------
Melee: Short sword       ||    36
Evoke: Wand              ||     2
 Stab: Sleeping          ||     2
